Map: Disco Bloodbath LE

Players

Djorn - Winner!

  • Race: Protoss Protoss
  • Spawn Location: 9:00

A.I. 1 (Medium)

  • Race: Terran Terran
  • Spawn Location: 3:00

VOD

Have the link to the VOD?

Description

Time

  • Played on: Aug. 22, 2019, 12:29 a.m.
  • Length: 9:25
Show
View Real Time Build Order
Export as new Build Order

Djorn Protoss - Winner!

Build Orders:  

Get SALT Encoding   

  12  0:04  Probe  
  13  0:16  Probe  
  14  0:26  Pylon  
  14  0:30  Probe  
  15  0:46  Probe  
  15  0:48  Gateway  
  16  0:54  Probe  
  17  1:05  Assimilator  
  17  1:08  Probe  
  18  1:21  Probe  
  19  1:33  Probe  
  20  1:49  Probe  
  21  2:02  Nexus  
  21  2:16  Pylon  
  21  2:21  Cybernetics Core  
  21  2:36  Assimilator  
  21  2:39  Probe  
  22  2:47  Warp Gate  
  22  2:56  Adept  
  22  2:58  Pylon  
  24  3:10  Probe  
  25  3:16  Probe  
  26  3:22  Probe  
  26  3:24  Probe  
  27  3:34  Gateway, Probe  
  28  3:35  Gateway  
  28  3:38  Robotics Facility  
  28  3:40  Twilight Council  
  29  3:46  Probe  
  29  3:47  Probe  
  31  3:54  Adept  
  33  3:58  Probe  
  33  3:59  Probe  
  35  4:10  Probe  
  35  4:14  Pylon  
  36  4:17  Immortal  
  36  4:19  Charge  
  40  4:43  Adept  
  42  4:52  Zealot x2  
  46  5:02  Immortal  
  46  5:04  Dark Shrine  
  50  5:27  Probe  
  51  5:29  Probe  
  52  5:36  Zealot  
  52  5:38  Zealot  
  52  5:40  Warp Prism  
  58  5:50  Gateway  
  58  5:51  Gateway  
  58  5:54  Gateway  
  58  5:56  Gateway  
  56  6:37  Shadow Stride  
  56  7:01  Stalker x3  
  62  7:11  Pylon  
  62  7:14  Pylon  
  62  7:18  Pylon, Assimilator  
  62  7:20  Assimilator  
  56  8:02  Dark Templar x4  
  56  8:03  Dark Templar  
  66  8:08  Zealot x2  
  70  8:34  Stalker x2  
  70  8:35  Stalker x2  
Show
View Real Time Build Order
Export as new Build Order

A.I. 1 (Medium) Terran 

Build Orders:  

Get SALT Encoding   

  12  0:00  SCV  
  13  0:13  SCV  
  14  0:18  Supply Depot  
  14  0:25  SCV  
  15  0:39  SCV  
  16  0:42  Barracks  
  16  0:48  Refinery  
  16  0:51  SCV  
  17  1:04  SCV  
  18  1:17  Supply Depot  
  18  1:29  Orbital Command, Marine  
  19  1:34  Barracks  
  19  1:43  Refinery  
  19  1:48  Barracks Tech Lab  
  19  2:06  Marine  
  20  2:10  Supply Depot  
  20  2:24  Marine  
  20  2:28  Marine  
  22  2:31  SCV  
  23  2:42  Marauder  
  23  2:43  SCV  
  23  2:44  Engineering Bay  
  26  2:55  SCV  
  26  2:57  Supply Depot  
  27  3:03  Marauder  
  29  3:07  SCV  
  30  3:19  SCV  
  31  3:25  Marauder  
  33  3:31  SCV  
  34  3:46  Marauder  
  36  5:06  Barracks Tech Lab  
  36  5:07  SCV, Marine  
  36  5:09  Factory  
  36  5:12  Factory  
  38  5:14  Missile Turret  
  38  5:17  Supply Depot  
  38  5:18  Missile Turret  
  38  5:22  Barracks  
  38  5:25  Marine  
  39  5:29  Sensor Tower  
  39  5:39  Bunker  
  39  5:41  Supply Depot  
  39  5:52  Factory Tech Lab  
  39  5:54  Command Center  
  39  5:56  Widow Mine  
  36  5:58  Starport  
  29  6:07  Marine  
  30  6:17  Factory Tech Lab  
  30  6:19  Marine  
  30  6:20  Armory  
  31  6:28  Barracks Reactor  
  31  6:32  Marauder  
  33  6:34  Starport Tech Lab  
  33  6:44  Marine  
  34  6:53  Raven  
  36  6:56  Marine  
  37  7:06  SCV  
  38  7:08  Refinery  
  38  7:09  Marauder, SCV  
  41  7:16  Missile Turret  
  41  7:18  SCV, Missile Turret  
  41  7:20  Siege Tank, Refinery  
  41  7:21  SCV  
  46  7:30  SCV  
  46  7:33  Widow Mine, SCV  
  46  7:36  Raven  
  52  7:37  Bunker  
  52  7:43  SCV  
  47  7:45  Marauder, SCV  
  44  7:55  SCV  
  44  7:57  SCV, Marine  
  32  8:07  SCV  
  32  8:09  Marine  
  31  8:21  Marine  
  28  8:33  Marine  
  27  8:46  Marine  
  21  8:56  SCV  
  21  8:58  Marine  
  13  9:08  SCV  
Tags
 
Matchup
PvT
Replay Pack
sc2replays
Spawn Locations
Cross Positions
Add a new tag
Caveats
  • Supply blocks, unpowered buildings, or Contaminate may cause inaccurate times.
  • Supply counts are checked every 10 seconds.